 Dungeon Crawl Stone Soup version 0.16.1 (webtiles) character file.

10535 DDCT the Thaumaturge (level 11, -5/54 HPs)
             Began as a Deep Elf Conjurer on Apr 13, 2015.
             Was a Believer of Vehumet.
             Slain by an unseen horror (9 damage)
             ... in a labyrinth.
             The game lasted 00:51:47 (13045 turns).

DDCT the Thaumaturge (Deep Elf Conjurer)           Turns: 13045, Time: 00:51:47

Health: -5/54      AC:  4    Str:  5    XL:     11   Next: 37%
Magic:  16/44      EV: 17    Int: 24    God:    Vehumet [**....]
Gold:   179        SH:  0    Dex: 15    Spells: 4 memorised, 24 levels left

rFire  . . .     SeeInvis .     L - +6 mace of Naidaqid {crush, MR++}
rCold  + . .     Clarity  .     F - +0 robe {rC+}
rNeg   + . .     SustAb   .     (no shield)
rPois  .         Gourm    .     (no helmet)
rElec  .         Spirit   .     C - +0 cloak
rCorr  .         Warding  .     (no gloves)
rMut   .         Stasis   .     R - +0 pair of boots
MR     +++..                    (no amulet)
Stlth  ++........               n - ring of positive energy
                                x - ring of magical power

@: extremely resistant to hostile enchantments, unstealthy
A: no striking features
a: Renounce Religion


You were in a labyrinth.
You worshipped Vehumet.
Vehumet was pleased with you.
You were not hungry.

You visited 3 branches of the dungeon, and saw 11 of its levels.
You also visited: Labyrinth and Ossuary.

You collected 507 gold pieces.
You spent 328 gold pieces at shops.

Inventory:

Hand weapons
 L - the +6 mace of Naidaqid (weapon) {crush, MR++}
   (You found it on level 7 of the Dungeon)

   It inflicts extra damage upon your enemies.
   It affects your resistance to hostile enchantments.
Armour
 w - a +0 robe of magic resistance
 C - a +0 cloak (worn)
 F - a +0 robe of cold resistance (worn)
 N - a +2 leather armour of magic resistance
 R - a +0 pair of boots (worn)
Jewellery
 e - an uncursed ring of ice
 n - a ring of positive energy (right hand)
 r - an uncursed amulet of resist mutation {unknown}
 x - a ring of magical power (left hand)
 B - an uncursed ring of poison resistance {unknown}
Magical devices
 d - a wand of slowing (15)
 t - a wand of teleportation (1)
Scrolls
 a - a scroll of identify
 f - a scroll of silence {unknown}
 h - 3 scrolls of blinking
 k - 2 scrolls of magic mapping
 l - 2 scrolls of noise
 m - 2 scrolls of recharging
 o - 3 scrolls of teleportation
 q - a scroll of immolation
 y - 2 scrolls of fear {unknown}
 z - 3 scrolls of random uselessness {unknown}
 A - 4 scrolls of amnesia
 D - 8 scrolls of remove curse
 G - a scroll of fog {unknown}
 H - 2 scrolls of enchant armour {unknown}
 O - 2 scrolls of enchant weapon {unknown}
Potions
 g - a potion of agility
 i - 2 potions of heal wounds
 j - 2 potions of curing
 p - 3 potions of brilliance
 s - 2 potions of cancellation
 u - 2 potions of haste
 v - a potion of magic
 I - a potion of might
 M - a potion of beneficial mutation
Books
 c - a book of Conjurations

   Spells                             Type                      Level
   a - Magic Dart                     Conjuration                  1
   b - Searing Ray                    Conjuration                  2
   c - Dazzling Spray                 Conjuration/Hexes            3
   d - Fulminant Prism                Conjuration/Hexes            4
   e - Iskenderun's Mystic Blast      Conjuration                  4
   f - Iskenderun's Battlesphere      Conjuration/Charms           5
 E - a book of Flames

   Spells                             Type                      Level
   a - Flame Tongue                   Conjuration/Fire             1
   b - Throw Flame                    Conjuration/Fire             2
   c - Conjure Flame                  Conjuration/Fire             3
   d - Inner Flame                    Hexes/Fire                   3
   e - Sticky Flame                   Conjuration/Fire             4
   f - Fireball                       Conjuration/Fire             5
 P - a book of Frost

   Spells                             Type                      Level
   a - Freeze                         Ice                          1
   b - Throw Frost                    Conjuration/Ice              2
   c - Ozocubu's Armour               Charms/Ice                   3
   d - Throw Icicle                   Conjuration/Ice              4
   e - Summon Ice Beast               Ice/Summoning                4
   f - Condensation Shield            Ice                          4
Comestibles
 b - 9 bread rations
 K - 7 slices of pizza
 Q - a meat ration


   Skills:
 + Level 8.3 Dodging
 - Level 2.4 Stealth
 * Level 14.7 Spellcasting
 + Level 10.7 Conjurations
 - Level 8.0 Charms
 + Level 6.0 Fire Magic


You had 24 spell levels left.
You knew the following spells:

 Your Spells              Type           Power        Failure   Level  Hunger
a - Magic Dart            Conj           ####         1%          1    None
b - Iskenderun's Battles  Conj/Chrm      ######..     1%          5    ##.....
c - Iskenderun's Mystic   Conj           ######..     1%          4    None
d - Fireball              Conj/Fire      ######....   2%          5    ##.....


Dungeon Overview and Level Annotations

Branches:
Dungeon (8/15)             Temple (1/1) D:5            Lair (2/8) D:8

Altars:
Ashenzari
Dithmenos
Elyvilon
Fedhas
Gozag
Kikubaaqudgha
Makhleb
Nemelex Xobeh
Okawaru
Ru
Sif Muna
Trog
Vehumet
Xom
Yredelemnul
Zin
The Shining One

Shops:
D:7 *   D:8 ?


Message History

Your battlesphere fires!
The barrage of energy hits the minotaur.
The minotaur is moderately wounded.
Something hits you.
Deactivating autopickup; reactivate with Ctrl-A.
Something closely misses you.
The minotaur hits your battlesphere with a lightning rod!!
Your battlesphere is destroyed!
Something hits you. Something hits you. Something barely misses you.
Something hits you!
* * * LOW HITPOINT WARNING * * *
Something hits you!
* * * LOW HITPOINT WARNING * * *
Something hits you.
* * * LOW HITPOINT WARNING * * *
Something closely misses you. Something hits you!
You die...

## . ..# .. .
#### # .# .#...
.. # # ## #..▓ #
#. # # #..▓≈ #
#.. .# ###
#.@▓≈≈.#.#.##.# #
. . .
#..▓≈<...'.. . .
.# ##.▓ ..# ## .
..# .#..▓ # .# .
. ?
.###.H▓▓▓####.##.
.....#....
........ # # . #
# #.#######...###
# . ...... #
#.....# # # #.##
# # ##....#


You could see a minotaur.

Vanquished Creatures
  2 hydras (Lair:1)
  An oklob plant (Lair:1)
  An elephant (D:7)
  3 spiny frogs
  3 komodo dragons
  Prince Ribbit (D:5)
  4 yaks (Lair:1)
  A hog (D:7)
  A hippogriff (Lair:2)
  A human (D:7)
  4 hungry ghosts (Lab)
  3 wolves
  A water moccasin (Lair:1)
  4 porcupines
  An orc warrior (D:7)
  2 necrophages
  An ice beast (D:6)
  2 sky beasts
  3 centaurs
  3 ogres
  Sigmund (D:6)
  2 elf zombies (Ossuary)
  A gnoll sergeant (D:8)
  Blork the orc (D:5)
  3 crocodiles (Lair:1)
  4 giant frogs
  5 scorpions
  5 wights (D:8)
  A spriggan skeleton (Lab)
  A centaur zombie (Ossuary)
  3 goliath beetles
  A quasit (D:4)
  3 crimson imps
  A giant frog skeleton (D:6)
  A human zombie (Ossuary)
  2 hounds
  An iguana (D:7)
  A jelly (D:7)
  3 orc priests
  3 worker ants
  8 orc wizards
  A killer bee zombie (D:8)
  A statue (D:6)
  19 sheep
  3 big kobold zombies (Ossuary)
  An ogre skeleton (Lab)
  2 hound skeletons
  A hound zombie (Ossuary)
  3 mummies (Ossuary)
  A worker ant zombie (D:5)
  9 gnolls
  4 river rats (D:3)
  13 adders
  5 worms
  2 adder zombies
  An adder skeleton (D:3)
  10 giant geckos
  24 orcs
  2 gnoll zombies (Ossuary)
  10 goblins
  25 hobgoblins
  14 jackals
  18 kobolds
  6 quokkas
  19 bats
  A giant cockroach (D:3)
  A giant gecko skeleton (D:4)
  5 giant newts
  3 goblin zombies (Ossuary)
  4 hobgoblin zombies (Ossuary)
  A jackal zombie (Ossuary)
  7 kobold zombies (Ossuary)
  3 orc zombies (Ossuary)
  2 quokka skeletons
  2 quokka zombies (Ossuary)
  11 rats
  4 rat zombies (Ossuary)
  7 bushes (Lair:1)
  A plant (D:8)
339 creatures vanquished.

Vanquished Creatures (others)
  A plant (D:3)
1 creature vanquished.

Grand Total: 340 creatures vanquished

Notes
Turn   | Place    | Note
--------------------------------------------------------------
     0 | D:1      | DDCT, the Deep Elf Conjurer, began the quest for the Orb.
     0 | D:1      | Reached XP level 1. HP: 10/10 MP: 5/5
   269 | D:1      | Reached XP level 2. HP: 15/15 MP: 0/8
   547 | D:1      | Reached skill level 5 in Conjurations
   666 | D:1      | Reached XP level 3. HP: 19/19 MP: 6/11
  1563 | D:2      | Found a blossoming altar of Fedhas.
  1768 | D:2      | Reached XP level 4. HP: 22/24 MP: 10/15
  2230 | D:3      | Reached skill level 5 in Spellcasting
  2359 | D:3      | Reached skill level 6 in Conjurations
  2359 | D:3      | Reached XP level 5. HP: 25/28 MP: 14/19
  2366 | D:3      | Learned a level 5 spell: Iskenderun's Battlesphere
  2371 | D:3      | Learned a level 4 spell: Iskenderun's Mystic Blast
  2462 | D:3      | Reached skill level 1 in Charms
  2523 | D:3      | Found a sacrificial altar of Ru.
  2895 | D:3      | Found a shattered altar of Ashenzari.
  3138 | D:3      | Reached XP level 6. HP: 32/32 MP: 19/21
  3598 | D:4      | Found a glowing silver altar of Zin.
  3726 | D:4      | Found a sparkling altar of Nemelex Xobeh.
  3734 | D:4      | Found a basalt altar of Yredelemnul.
  3734 | D:4      | Found an opulent altar of Gozag.
  3742 | D:4      | Found a deep blue altar of Sif Muna.
  3742 | D:4      | Found an ancient bone altar of Kikubaaqudgha.
  4011 | D:4      | Reached skill level 5 in Charms
  4035 | D:4      | Reached XP level 7. HP: 23/36 MP: 14/24
  4302 | D:5      | Entered Level 5 of the Dungeon
  4323 | D:5      | Noticed Blork the orc
  4327 | D:5      | Killed Blork the orc
  4379 | D:5      | Found a staircase to the Ecumenical Temple.
  4384 | Temple   | Entered the Ecumenical Temple
  4635 | D:5      | Reached skill level 7 in Conjurations
  4656 | D:5      | Found a shadowy altar of Dithmenos.
  4695 | D:5      | Found a sand-covered staircase.
  4700 | Ossuary  | Entered an ossuary
  5778 | D:5      | Found a bloodstained altar of Trog.
  5797 | D:5      | Reached XP level 8. HP: 37/41 MP: 18/27
  5852 | D:5      | Reached skill level 8 in Spellcasting
  5981 | D:5      | Noticed Prince Ribbit
  5987 | D:5      | Killed Prince Ribbit
  6312 | D:5      | Reached skill level 9 in Spellcasting
  6996 | D:6      | Reached skill level 10 in Spellcasting
  7121 | D:6      | Learned a level 5 spell: Fireball
  7192 | D:6      | Noticed Sigmund
  7196 | D:6      | Killed Sigmund
  7340 | D:6      | Reached XP level 9. HP: 45/45 MP: 21/30
  7499 | D:6      | Found a radiant altar of Vehumet.
  7515 | D:6      | Became a worshipper of Vehumet
  7625 | D:7      | Found Chattah's General Store.
  7634 | D:7      | Bought a scroll of blinking for 97 gold pieces
  7847 | D:7      | Reached skill level 11 in Spellcasting
  8026 | D:7      | Got a steaming mace
  8105 | D:7      | Found a white marble altar of Elyvilon.
  8305 | D:7      | Reached skill level 5 in Dodging
  8305 | D:7      | Reached skill level 1 in Fire Magic
  9339 | D:8      | Found a deep blue altar of Sif Muna.
  9369 | D:8      | Found a shadowy altar of Dithmenos.
  9397 | D:8      | Found Kheistro's Magic Scroll Shop.
  9402 | D:8      | Bought a scroll of amnesia for 49 gold pieces
  9402 | D:8      | Bought a scroll of remove curse for 42 gold pieces
  9402 | D:8      | Bought a scroll of identify for 28 gold pieces
  9402 | D:8      | Bought a scroll of identify for 28 gold pieces
  9402 | D:8      | Bought a scroll of identify for 28 gold pieces
  9402 | D:8      | Bought a scroll of identify for 28 gold pieces
  9402 | D:8      | Bought a scroll of identify for 28 gold pieces
  9406 | D:8      | Identified the +6 mace of Naidaqid {crush, MR++} (You found it on level 7 of the Dungeon)
  9511 | D:8      | Found a burning altar of Makhleb.
  9586 | D:8      | Found a staircase to the Lair.
  9588 | D:8      | Noticed an elephant
  9590 | D:8      | Acquired Vehumet's first power
  9590 | D:8      | Offered knowledge of Shock by Vehumet.
  9605 | D:7      | Killed an elephant
  9605 | D:7      | Reached skill level 12 in Spellcasting
 10012 | D:8      | Reached XP level 10. HP: 50/50 MP: 29/33
 10575 | Lair:1   | Entered Level 1 of the Lair of Beasts
 10575 | Lair:1   | Noticed a five-headed hydra
 10583 | Lair:1   | Killed a five-headed hydra
 10596 | D:8      | Reached skill level 13 in Spellcasting
 10793 | Lair:1   | Reached skill level 10 in Conjurations
 10903 | Lair:1   | Offered knowledge of Sting by Vehumet.
 10905 | Lair:1   | Noticed a seven-headed hydra
 10912 | Lair:1   | Killed a seven-headed hydra
 10920 | Lair:1   | Reached skill level 5 in Fire Magic
 11070 | Lair:1   | Reached XP level 11. HP: 52/54 MP: 18/35
 11167 | Lair:1   | Noticed an oklob plant
 11180 | Lair:1   | Reached skill level 14 in Spellcasting
 11746 | Lair:1   | Killed an oklob plant
 11905 | Lair:1   | Offered knowledge of Static Discharge by Vehumet.
 12420 | Lair:2   | Found a labyrinth entrance.
 12433 | Lab      | Entered a labyrinth
 13024 | Lab      | Noticed a minotaur
 13045 | Lab      | Slain by an unseen horror

Action                   |  1- 3 |  4- 6 |  7- 9 | 10-12 || total
-------------------------+-------+-------+-------+-------++-------
Melee: Unarmed           |     6 |       |       |       ||     6
       Dagger            |    14 |       |       |       ||    14
       Trident           |       |     2 |     9 |       ||    11
       Mace              |       |       |       |     2 ||     2
 Cast: Magic Dart        |    89 |   181 |   211 |    48 ||   529
       Iskenderun's Myst |       |     7 |   122 |   103 ||   232
       Iskenderun's Batt |       |       |    27 |    13 ||    40
       Fireball          |       |       |       |     4 ||     4
  Use: Scroll            |       |       |    15 |     1 ||    16
  Eat: Chunk             |     2 |     6 |    16 |     9 ||    33
       Fruit             |       |       |     4 |       ||     4
       Beef jerky        |       |       |     3 |     2 ||     5
       Meat ration       |       |       |     1 |       ||     1
